 Dungeon Crawl Stone Soup version 0.29.1 (webtiles) character file.

Game seed: 13116052402838502752

37 swilekon the Chopper (level 3, 0/26 HPs)
             Began as an Octopode Monk on Sept 15, 2022.
             Slain by a kobold
             ... wielding a +0 dagger
              (3 damage)
             ... on level 2 of the Dungeon.
             The game lasted 00:01:38 (1039 turns).

swilekon the Chopper (Octopode Monk)                Turns: 1039, Time: 00:01:38

Health: 0/26       AC:  1    Str: 12    XL:     3   Next: 39%
Magic:  3/3        EV: 14    Int: 12    God:
Gold:   60         SH:  0    Dex: 14    Spells: 2/2 levels left

rFire   . . .      SeeInvis .   a - +0 hand axe
rCold   . . .      Faith    .   (no shield)
rNeg    . . .      Spirit   .   (helmet restricted)
rPois   .          Reflect  .   (no amulet)
rElec   .          Harm     .   (no ring)
rCorr   .          Rampage  .   (no ring)
Will    .....                   (no ring)
Stlth   +++.......              (no ring)
HPRegen 0.08/turn               (no ring)
MPRegen 0.08/turn               (no ring)
                                (no ring)
                                (no ring)

@: no status effects
A: almost no armour, amphibious, 8 rings, camouflage 1, gelatinous body 1,
(nimble swimmer 1), tentacles
a: no special abilities


You were on level 2 of the Dungeon.
You visited 1 branch of the dungeon, and saw 2 of its levels.

You collected 60 gold pieces.

Inventory:

Hand Weapons
 a - a +0 hand axe (weapon)
Scrolls
 c - a scroll of blinking {unknown}
 e - 2 scrolls of identify {unknown}
 f - a scroll of poison {unknown}
Potions
 b - a potion of ambrosia
 d - a potion of mutation {unknown}
 g - a potion of attraction {unknown}
 h - a potion of haste


   Skills:
 + Level 3.3 Fighting
 * Level 3.7 Axes
 + Level 3.3 Dodging
 - Level 3.0 Stealth


You had 2 spell levels left.
You didn't know any spells.
Your spell library was empty.

Dungeon Overview and Level Annotations

Branches:
Dungeon (2/15)

Altars:
Hepliaklqana
Xom


Innate Abilities, Weirdness & Mutations

You cannot wear most types of armour.
You are amphibious.
You can wear up to eight rings at the same time.
Your skin changes colour to match your surroundings (Stealth+).
Your rubbery body absorbs attacks. (AC +1, EV +1)
((You are camouflaged when in or above water. (Stealth+)))
You have tentacles for arms and can constrict up to eight enemies at once.


Message History

You are too injured to fight recklessly!
You are too injured to fight recklessly!
You hit the endoplasm.
You kill the endoplasm!
A bat zombie is nearby!
A bat zombie is nearby!
No target in view!
A quokka comes into view.
A worm and a kobold come into view.
Found 10 gold pieces.
The kobold drinks a potion.
The kobold seems to speed up.
The worm moves out of view.
A gnoll, a quokka and an adder come into view.
The gnoll is wielding a +0 halberd and carrying a wand of light (9).
The adder moves out of view.
Found a hazy altar of Hepliaklqana.
The gnoll zaps a wand.
The bolt of light hits the plant!
The plant begins to die.
The plant is blinded.
The bolt of light misses you.
A quokka comes into view.
The kobold misses you. The kobold barely misses you.
The kobold attacks as you move away! The kobold closely misses you.
The kobold barely misses you. The kobold completely misses you.
The kobold attacks as you move away! The kobold misses you.
The kobold attacks as you move away! The kobold hits you with a +0 dagger.
The kobold closely misses you. The kobold hits you with a +0 dagger.
The kobold attacks as you move away! The kobold completely misses you.
The kobold attacks as you move away! The kobold closely misses you.
The kobold hits you with a +0 dagger. The kobold attacks as you move away!
The kobold hits you but does no damage. The kobold barely misses you.
The kobold attacks as you move away! The kobold hits you with a +0 dagger.
* * * LOW HITPOINT WARNING * * *
The kobold hits you with a +0 dagger.
* * * LOW HITPOINT WARNING * * *
The kobold attacks as you move away! The kobold misses you.
The kobold hits you but does no damage. The kobold hits you with a +0 dagger.
You die...

.#
#..........~~.######..
......#####......#
.###.## ##...### .. ..
###.# ..... #.# #
._... ###.######## .#
#........... ..#
#.#.#########..#
#.#..@K........#
#.#..#####.....#
#.###.#..#####.#..##
#.....^.##.......#
#.######.##.#....##
#.##......#
#.........#
####......# #.#...##


You could see a kobold (fast).

Vanquished Creatures
  An adder (D:2)
  A dart slug (D:1)
  A bat (D:1)
  3 endoplasms
  A giant cockroach (D:1)
  3 goblins (D:1)
  A hobgoblin (D:1)
  3 jackals (D:2)
  2 kobolds (D:1)
  A quokka (D:1)
  A ball python (D:1)
  4 frilled lizards
  A rat (D:1)
23 creatures vanquished.

Vanquished Creatures (others)
  77 plants (D:2)
  2 withered plants (D:2)
79 creatures vanquished.

Grand Total: 102 creatures vanquished

Notes
Turn   | Place    | Note
-------+----------+-------------------------------------------
     0 | D:1      | swilekon the Octopode Monk began the quest for the Orb.
     0 | D:1      | Reached XP level 1. HP: 16/16 MP: 1/1
   125 | D:1      | Reached XP level 2. HP: 21/21 MP: 2/2
   676 | D:2      | Found a shimmering altar of Xom.
   685 | D:2      | Reached XP level 3. HP: 14/26 MP: 3/3
  1018 | D:2      | Found a hazy altar of Hepliaklqana.
  1039 | D:2      | Slain by a kobold

Illustrated notes

Levels and vault maps discovered:
D:1:      minmay_arrival_split_and_join, layout_loops_cross
D:2:      wad_woods_stonehenge, layout_loops_ring, basic_altar, serial_undead,
          serial_undead_c, serial_undead_e, serial_undead_b, serial_undead_f

Skill      XL: |  1  2 |
---------------+-------+-----
Stealth        | 3 |  3.0
Fighting       | |  3.3
Axes           | |  3.7
Dodging        | |  3.3

Action                   || total
-------------------------++-------
Melee: Hand axe          ||    41
       Constrict         ||     9
       Tentacles         ||    10
 Stab: Sleeping          ||     6
Armor: Skin              ||     2
Dodge: Dodged            ||    37
